 Dungeon Crawl Stone Soup version 0.31-a0-263-ge8cad7f256 (webtiles) character file.

Game seed: 4464897298954500054

693 qw the Skirmisher (level 7, 0/51 (59) HPs)
             Began as a Minotaur Hexslinger on July 13, 2023.
             Was an Initiate of Okawaru.
             Slain by a wight
             ... wielding a +2 short sword of freezing
              (2 damage)
             ... on level 6 of the Dungeon.
             The game lasted 00:01:48 (4695 turns).

qw the Skirmisher (Minotaur Hexslinger)             Turns: 4695, Time: 00:01:49

HP:   0/51 (59)     AC: 12    Str: 12    XL:     7   Next: 37%
MP:   7/7           EV: 11    Int: 10    God:    Okawaru [......]
Gold: 128           SH:  0    Dex: 15    Spells: 7/8 levels left

rFire   . . .        Y - +1 sling (chaos)
rCold   + . .        (no shield)
rNeg    . . .        k - +0 ring mail
rPois   .            (helmet restricted)
rElec   .            j - +2 cloak
rCorr   .            (no gloves)
SInv    .            a - +3 pair of mountain boots {steadfast, rC+}
Will    .....        c - amulet of the acrobat
Stlth   +            (no ring)
HPRegen 0.28/turn    (no ring)
MPRegen 0.10/turn

%: acrobat
@: about to teleport, heavily drained
A: horns 2, retaliatory headbutt
a: Renounce Religion


You were on level 6 of the Dungeon.
You worshipped Okawaru.
Okawaru was noncommittal.
You visited 2 branches of the dungeon, and saw 7 of its levels.

You collected 331 gold pieces.
You spent 203 gold pieces at shops.


Innate Abilities, Weirdness & Mutations

You have a pair of horns on your head.
You reflexively headbutt those who attack you in melee.


   Skills:
 + Level 4.2 Fighting
 - Level 8.0 Ranged Weapons
 - Level 2.2 Armour
 - Level 2.1 Dodging
 - Level 1.0 Spellcasting
 - Level 2.0 Hexes


You had 7 spell levels left.
You knew the following spells:

 Your Spells              Type           Power      Damage    Failure   Level
a - Slow                  Hex            16%        N/A       32%         1

Your spell library contained the following spells:

 Spells                   Type           Power      Damage    Failure   Level
 Inner Flame              Hex/Fire       2%         N/A       83%         3
 Portal Projectile        Hex/Tloc       4%         N/A       83%         3
 Cause Fear               Hex            2%         N/A       97%         4

Inventory:

Hand Weapons
 Y - a +1 sling of chaos (weapon)
Armour
 a - the +3 pair of mountain boots (worn) {steadfast, rC+}
   (You acquired it on level 1 of the Dungeon)

   Steadfast: It prevents involuntary movement, except for blinking,
   teleportation, or banishment.
   rC:        It protects you from cold.
 j - a +2 cloak (worn)
 k - a +0 ring mail (worn)
Jewellery
 c - an amulet of the acrobat (around neck)
Scrolls
 d - 6 scrolls of identify
 e - 2 scrolls of teleportation
Potions
 b - a potion of haste
 g - a potion of enlightenment
 i - a potion of might

Dungeon Overview and Level Annotations

Branches:
Dungeon (6/15)             Temple (1/1) D:4

Altars:
Ashenzari
Dithmenos
Elyvilon
Fedhas
Gozag
Hepliaklqana
Kikubaaqudgha
Okawaru
Qazlal
Sif Muna
Vehumet
Xom
Yredelemnul
Zin
The Shining One

Shops:
D:4 ?

Annotations:
D:2 1 runed translucent door, Crazy Yiuf
D:6 Grinder


Message History

Grinder and 3 wights come into view.
A wight is wielding a +2 short sword of freezing.
Found a kite shield.
Found a stone staircase leading down.
Autopickup is now on.
You shoot a sling bullet. The sling bullet hits the wight.
The wight suddenly seems more agile.
The wight is lightly damaged.
Grinder gestures at you.
You suddenly lose the ability to move!
Grinder blinks!
The wight hits you with a +0 dagger. The wight hits you with a +0 dagger.
You feel drained.
The wight hits you with a +2 short sword of freezing!
You feel drained. The wight freezes you.
You can move again.
You shoot a sling bullet.
The sling bullet barely misses the wight.
The wight hits you but does no damage.
The wight hits you with a +2 short sword of freezing.
You feel drained. The wight completely misses you.
You shoot a sling bullet.
The sling bullet barely misses the wight.
The wight hits you with a +0 dagger.
You feel drained.
The wight hits you but does no damage. x2; The wight hits you with a +0 dagger.
The wight misses you. The wight hits you but does no damage.
4693 ||| READING 3 scrolls of teleportation.
As you read the scroll of teleportation, it crumbles to dust.
You feel strangely unstable. The wight hits you but does no damage.
The wight hits you with a +0 mace.
You feel drained. The wight barely misses you.
You shoot a sling bullet.
The sling bullet closely misses the wight.
The wight hits you with a +0 dagger.
You feel drained.
The wight hits you but does no damage. x2
You shoot a sling bullet.
The sling bullet hits the wight but does no damage.
The wight hits you but does no damage. The wight barely misses you.
You furiously retaliate!
You headbutt the wight.
The wight hits you with a +2 short sword of freezing.
You die...

>..# #.
#...###.#
###.#.....
#........#
#........
.#.......#
......zz.#
.......@z#
#........#
#........#
#.........
........##5
.###..[##
#. ...# ..
.#.. ..


You could see Grinder and 3 wights.

Vanquished Creatures
  An ogre (D:4)
  A centaur (D:6)
  A howler monkey (D:4)
  A hound (D:6)
  3 orc priests
  A gnoll bouda (D:6)
  A sleepcap (D:4)
  Jessica (D:2)
  2 iguanas
  An orc wizard (D:4)
  3 gnolls (D:6)
  6 adders
  2 shadow imps (D:5)
  2 dart slugs
  22 orcs
  7 endoplasms
  11 goblins
  7 hobgoblins
  A quokka (D:4)
  11 ball pythons
  7 bats
  4 frilled lizards
  6 kobolds
  5 rats
107 creatures vanquished.

Notes
Turn   | Place    | Note
-------+----------+-------------------------------------------
     0 | D:1      | qw the Minotaur Hexslinger began the quest for the Orb.
     0 | D:1      | Reached XP level 1. HP: 16/16 MP: 1/1
     0 | D:1      | 0 ||| qw: Version: 0.3-a-52-g30416fa
     0 | D:1      | 0 ||| qw: Game counter: 7499
     0 | D:1      | 0 ||| qw: Melee chars always use a shield: true
     0 | D:1      | 0 ||| qw: God list: Okawaru
     0 | D:1      | 0 ||| qw: Allow faded altars: false
     0 | D:1      | 0 ||| qw: Do Orc after clearing Dungeon:15 true
     0 | D:1      | 0 ||| qw: Do second Lair branch before Depths: true
     0 | D:1      | 0 ||| qw: Lair rune preference: random
     0 | D:1      | 0 ||| qw: Goals: Normal
     0 | D:1      | 0 ||| PLANNING D:1-11
   334 | D:1      | Reached skill level 3 in Ranged Weapons
   362 | D:1      | Reached XP level 2. HP: 23/23 MP: 2/2
   753 | D:1      | 753 ||| UPGRADING to +0 pair of boots.
   758 | D:1      | 758 ||| READING scroll labelled OWIRUS WEAT.
   759 | D:1      | 759 ||| READING scroll labelled GAFRUO AXZING.
   759 | D:1      | Identified a scroll of acquirement
   759 | D:1      | 759 ||| ACQUIRING +3 pair of mountain boots {steadfast,
                  | rC+}
   759 | D:1      | Acquired the +3 pair of mountain boots {steadfast, rC+}
   759 | D:1      | Found the +3 pair of mountain boots {steadfast, rC+}
   761 | D:1      | 761 ||| UPGRADING to +3 pair of mountain boots {steadfast,
                  | rC+}.
   771 | D:1      | 771 ||| DROPPING +0 pair of boots.
   772 | D:1      | 772 ||| DROPPING scroll of poison.
   873 | D:2      | Noticed Jessica
   876 | D:2      | Killed Jessica
   877 | D:2      | Reached skill level 4 in Ranged Weapons
   877 | D:2      | Reached XP level 3. HP: 29/29 MP: 3/3
  1323 | D:2      | Reached XP level 4. HP: 36/36 MP: 4/4
  1657 | D:2      | Found a runed translucent door.
  1658 | D:2      | Noticed Crazy Yiuf
  1898 | D:2      | 1898 ||| UPGRADING to +0 leather armour.
  1908 | D:2      | 1908 ||| DROPPING +0 robe.
  1909 | D:2      | 1909 ||| UPGRADING to +0 ring mail.
  1919 | D:2      | 1919 ||| DROPPING +0 leather armour.
  1920 | D:2      | 1920 ||| READING 2 scrolls labelled JACHU OLYSOPO.
  1968 | D:2      | 1968 ||| READING scroll labelled ERUNI NUDYASHRO.
  1969 | D:2      | 1969 ||| READING 2 scrolls labelled ACKAEV LIDGHU.
  1970 | D:2      | 1970 ||| DRINKING 3 ruby potions.
  1971 | D:2      | 1971 ||| DROPPING 2 potions of invisibility.
  1972 | D:2      | 1972 ||| DROPPING scroll of immolation.
  2051 | D:3      | 2051 ||| FLEEEEING.
  2052 | D:3      | 2052 ||| FLEEEEING.
  2053 | D:3      | 2053 ||| FLEEEEING.
  2054 | D:3      | 2054 ||| FLEEEEING.
  2055 | D:3      | 2055 ||| FLEEEEING.
  2056 | D:3      | 2056 ||| FLEEEEING.
  2057 | D:3      | 2057 ||| FLEEEEING.
  2058 | D:3      | 2058 ||| FLEEEEING.
  2059 | D:3      | 2059 ||| FLEEEEING.
  2060 | D:3      | 2060 ||| FLEEEEING.
  2061 | D:3      | 2061 ||| FLEEEEING.
  2062 | D:3      | 2062 ||| FLEEEEING.
  2063 | D:3      | 2063 ||| FLEEEEING.
  2064 | D:3      | 2064 ||| FLEEEEING.
  2065 | D:3      | 2065 ||| FLEEEEING.
  2066 | D:3      | 2066 ||| FLEEEEING.
  2132 | D:3      | Reached skill level 5 in Ranged Weapons
  2144 | D:3      | Reached XP level 5. HP: 39/41 MP: 5/5
  2520 | D:3      | 2520 ||| UPGRADING to +1 cloak.
  2525 | D:3      | 2525 ||| READING scroll labelled ANEHEB SOMU.
  2526 | D:3      | 2526 ||| DRINKING 3 murky amethyst potions.
  2549 | D:3      | 2549 ||| DRINKING 2 brown potions.
  2550 | D:3      | 2550 ||| DRINKING 2 black potions.
  2551 | D:3      | 2551 ||| READING 2 scrolls of identify.
  2551 | D:3      | 2551 ||| IDENTIFYING bubbling brown potion
  2552 | D:3      | 2552 ||| DROPPING 2 potions of lignification.
  2611 | D:4      | Reached skill level 3 in Fighting
  2740 | D:4      | Found Zemoquc's Magic Scroll Shoppe.
  2792 | D:4      | 2792 ||| BUYING scroll of brand weapon (104 gold).
  2792 | D:4      | Bought a scroll of brand weapon for 104 gold pieces
  2792 | D:4      | 2792 ||| BUYING scroll of identify (22 gold).
  2792 | D:4      | Bought a scroll of identify for 22 gold pieces
  2792 | D:4      | 2792 ||| BUYING scroll of identify (22 gold).
  2792 | D:4      | Bought a scroll of identify for 22 gold pieces
  2792 | D:4      | 2792 ||| BUYING scroll of identify (22 gold).
  2792 | D:4      | Bought a scroll of identify for 22 gold pieces
  2792 | D:4      | 2792 ||| BUYING scroll of teleportation (33 gold).
  2792 | D:4      | Bought a scroll of teleportation for 33 gold pieces
  2792 | D:4      | 2792 ||| SHOPLISTING scroll of teleportation (33 gold, have
                  | 18).
  2792 | D:4      | 2792 ||| READING scroll of brand weapon.
  2792 | D:4      | 2792 ||| BRANDING +1 sling.
  2823 | D:4      | 2823 ||| READING scroll labelled TUCANU XIUXAWU.
  2824 | D:4      | 2824 ||| READING 5 scrolls of identify.
  2824 | D:4      | 2824 ||| IDENTIFYING lumpy red potion
  2825 | D:4      | 2825 ||| READING 4 scrolls of identify.
  2825 | D:4      | 2825 ||| IDENTIFYING sapphire potion
  2826 | D:4      | 2826 ||| DROPPING potion of attraction.
  2962 | D:4      | Reached XP level 6. HP: 45/51 MP: 6/6
  3097 | D:4      | 3097 ||| Stepping ~*~*~tactically~*~*~ (outnumbered).
  3102 | D:4      | Reached skill level 6 in Ranged Weapons
  3455 | D:4      | Found a staircase to the Ecumenical Temple.
  3456 | D:4      | 3456 ||| PLANNING TEMPLE
  3456 | D:4      | 3456 ||| READING scroll labelled ATRACV TAIWEDU.
  3468 | Temple   | Entered the Ecumenical Temple
  3472 | Temple   | 3472 ||| PLANNING OKAWARU WORSHIP
  3611 | Temple   | Became a worshipper of Warmaster Okawaru
  3612 | Temple   | 3612 ||| PLANNING D:1-11
  3822 | D:4      | 3822 ||| READING scroll labelled ZUIRUCVE SIVUSM.
  3867 | D:5      | Entered Level 5 of the Dungeon
  3947 | D:5      | 3947 ||| READING scroll of enchant armour.
  3947 | D:5      | 3947 ||| ENCHANTING +1 cloak.
  4090 | D:5      | Reached skill level 7 in Ranged Weapons
  4122 | D:5      | Reached XP level 7. HP: 59/59 MP: 7/7
  4505 | D:5      | 4505 ||| UPGRADING to amulet of the acrobat.
  4510 | D:5      | 4510 ||| READING scroll labelled KEIZ OVVILILL.
  4606 | D:5      | 4606 ||| READING 7 scrolls of identify.
  4606 | D:5      | 4606 ||| IDENTIFYING fizzy golden potion
  4656 | D:6      | 4656 ||| DRINKING potion of curing.
  4656 | D:6      | 4656 ||| (to cure confusion)
  4681 | D:6      | HP: 12/59 [orc wizard/+0 dagger (3)]
  4682 | D:6      | 4682 ||| READING 4 scrolls of teleportation.
  4682 | D:6      | HP: 5/59 [gnoll/+0 flail[a gnoll bouda] (7)]
  4683 | D:6      | 4683 ||| DRINKING potion of heal wounds.
  4685 | D:6      | Reached skill level 8 in Ranged Weapons
  4685 | D:6      | Noticed Grinder
  4686 | D:6      | Paralysed by Grinder for 5 turns
  4692 | D:6      | HP: 13/55 [wight/+0 dagger (6)]
  4693 | D:6      | 4693 ||| READING 3 scrolls of teleportation.
  4693 | D:6      | HP: 6/54 [wight/+0 mace (3)]
  4694 | D:6      | HP: 2/51 [wight/+0 dagger (1)]
  4695 | D:6      | Slain by a wight

Levels and vault maps discovered:
D:1:      lemuel_arrival_hallway, layout_loops_ring, hangedman_decor_opposing,
          minivault_14, minmay_hedge_maze, chequers_serial_rivers_large_b
D:2:      layout_loops_corners, palyth_stone_intersect, patterned_corridor,
          uniq_jessica, uniq_crazy_yiuf_cottage
D:3:      minmay_general_purpose_star, layout_rooms, minmay_stone_trees_small,
          grunt_ministairs_6
D:4:      minmay_chambers_of_fours, layout_cave_pods,
          minmay_temple_entry_glassed_door, serial_shops, shop,
          minmay_misc_feat_tower, grunt_ministairs_1,
          nicolae_elevator_lobby_asterisk
D:5:      layout_loops_ring, grunt_decor_cap
D:6:      layout_cave_pools, nicolae_overflow_two_pavilions,
          nemelex_dance_club_becter, trog_wizard, serial_shops,
          nicolae_diamond_shop, minmay_misc_feat_ornament, uniq_grinder,
          uniq_pikel
Temple:   nicolae_temple_bog_church

Skill      XL: |  1  2  3  4  5  6  7 |
---------------+----------------------+-----
Ranged Weapons | 3 4 5 7 8 |  8.0
Fighting       | 2 3 4 |  4.2
Armour         | 2 |  2.2
Dodging        | |  2.1
Spellcasting   | |  1.0
Hexes          | |  2.0

Action                     |  1- 3 |  4- 6 |  7- 9 || total
---------------------------+-------+-------+-------++-------
   Fire: Sling             |    82 |   234 |    38 ||   354
    Use: Scroll            |     2 |    12 |     4 ||    18
         Potion            |       |     4 |     2 ||     6
 Armour: Robe              |    11 |     7 |       ||    18
         Ring mail         |       |    32 |    49 ||    81
  Dodge: Dodged            |    30 |    72 |    51 ||   153

Table legend:
 A = Non-vault XP
 B = Vault XP
 C = Vault XP percentage of total XP
 D = Non-vault monster count
 E = Vault monster count
 F = Vault count percentage of total count
                 A         B        C        D         E       F
            +---------+---------+-------+---------+---------+-------
      Total |     864 |     127 |  12.8 |      94 |      13 |  12.1
            +---------+---------+-------+---------+---------+-------
        D:1 |      27 |       0 |   0.0 |      17 |       0 |   0.0
        D:2 |      64 |      37 |  36.6 |      23 |       1 |   4.2
        D:3 |      95 |       8 |   7.8 |      17 |       4 |  19.0
        D:4 |     362 |      82 |  18.5 |      21 |       8 |  27.6
        D:5 |      68 |       0 |   0.0 |       6 |       0 |   0.0
        D:6 |     248 |       0 |   0.0 |      10 |       0 |   0.0
            +---------+---------+-------+---------+---------+-------
